 Dungeon Crawl Stone Soup version 0.19-a0-36-g4a0968a (webtiles) character file.

11278 ololoev the Cleaver (level 11, -16/101 HPs)
             Began as a Hill Orc Fighter on May 4, 2016.
             Was the Champion of Okawaru.
             Demolished by a polar bear (21 damage)
             ... in an ice cave.
             The game lasted 00:18:50 (10856 turns).

ololoev the Cleaver (Hill Orc Fighter)             Turns: 10856, Time: 00:18:51

Health: -16/101    AC: 20    Str: 23    XL:     11   Next: 75%
Magic:  16/18      EV:  9    Int:  8    God:    Okawaru [******]
Gold:   804        SH:  3    Dex: 10    Spells: 0 memorised, 10 levels left

rFire  + . .     SeeInvis .     a - +3 war axe (vamp)
rCold  . . .     Gourm    .     k - +0 plate armour
rNeg   . . .     Faith    .     (no shield)
rPois  +         Spirit   .     (no helmet)
rElec  .         Dismiss  .     F - +2 cloak {MR+}
rCorr  .         Reflect  +     u - +0 pair of gloves
SustAt .         Harm     .     (no boots)
MR     +....                    t - +3 amulet of reflection
Stlth  ..........               l - ring of protection from fire
                                E - ring of poison resistance

@: heroism, heavily drained, somewhat resistant to hostile enchantments,
extremely unstealthy
A: no striking features
a: Heroism, Finesse, Renounce Religion

Inventory:

Hand Weapons
 a - a +3 vampiric war axe (weapon)
Armour
 k - a +0 plate armour (worn)
 u - a +0 pair of gloves (worn)
 F - a +2 cloak of magic resistance (worn)
Jewellery
 l - a ring of protection from fire (right hand)
 t - a +3 amulet of reflection (around neck)
 E - a ring of poison resistance (left hand)
Scrolls
 g - 4 scrolls of remove curse
 j - 2 scrolls of fog
 o - 2 scrolls of teleportation
 p - a scroll of enchant weapon
 r - 2 scrolls of enchant armour
 y - 2 scrolls of blinking
 K - 2 scrolls of fear
 M - a scroll of immolation
Potions
 c - 6 potions of curing
 d - 3 potions of might
 e - 2 potions of brilliance
 h - 3 potions of berserk rage
 i - a potion of heal wounds {unknown}
 n - 3 potions of ambrosia {unknown}
 q - 3 potions of invisibility {unknown}
 s - a potion of resistance
 z - 2 potions of cancellation {unknown}
 A - a potion of cure mutation {unknown}
 C - a potion of haste {unknown}
 I - 2 potions of lignification {unknown}
 N - 2 potions of magic {unknown}
Comestibles
 b - 15 chunks of flesh
 f - 5 bread rations
 w - 2 meat rations
 B - 3 slices of pizza
 D - a beef jerky
 H - 8 fruits
 L - 3 royal jellies


   Skills:
 + Level 10.3(12.9) Fighting
 * Level 14.5(16.8) Axes
 + Level 9.8(12.4) Armour
 + Level 2.0(5.0) Dodging
   Level 3.2(6.2) Shields
 - Level 10.0(7.8) Invocations


You had 10 spell levels left.
You didn't know any spells.
You were in an ice cave. You worshipped Okawaru. Okawaru was exalted by your worship. You were not hungry. You visited 1 branch of the dungeon, and saw 11 of its levels. You also visited: Ice Cave. You collected 804 gold pieces. ## #..# ### ...# ####.##..# ##....@h# ##..#####.# ##....# # #..###.######## ##...# ###§§§#.## ###..#####§§#§§...##### ##..### #..####§.##∩..## ##..## #..###..####..∩# ##..## ##...##..# #....#

Notes
Turn   | Place    | Note
--------------------------------------------------------------
     0 | D:1      | ololoev the Hill Orc Fighter began the quest for the Orb.
     0 | D:1      | Reached XP level 1. HP: 19/19 MP: 1/1
    27 | D:1      | Reached skill level 3 in Axes
   112 | D:1      | Reached XP level 2. HP: 26/27 MP: 2/2
   394 | D:1      | Reached XP level 3. HP: 25/33 MP: 3/3
   747 | D:2      | Reached skill level 4 in Axes
   810 | D:2      | Noticed Ijyb
   835 | D:2      | Killed Ijyb
   835 | D:2      | Reached XP level 4. HP: 38/40 MP: 4/4
   926 | D:2      | Found an iron altar of Okawaru.
   935 | D:2      | Became a worshipper of Warmaster Okawaru
  1198 | D:2      | Found a stormy altar of Qazlal.
  1330 | D:2      | Reached skill level 1 in Invocations
  1620 | D:3      | Found an ancient bone altar of Kikubaaqudgha.
  1632 | D:3      | Found a snail-covered altar of Cheibriados.
  1695 | D:3      | Reached XP level 5. HP: 39/46 MP: 6/6
  1697 | D:3      | Reached skill level 5 in Axes
  2052 | D:4      | Reached skill level 6 in Axes
  2052 | D:4      | Reached XP level 6. HP: 22/53 MP: 7/7
  2589 | D:4      | Reached * piety under Okawaru
  2683 | D:4      | Noticed a phantom
  2683 | D:4      | Noticed ololoev's ghost (novice HOFi)
  3001 | D:3      | Reached skill level 5 in Fighting
  3057 | D:3      | xeno23: хэй
  3062 | D:3      | ololoev: yo
  3227 | D:3      | xeno23: че там, есть еще слот в клане?
  3229 | D:3      | ololoev: да, есть еще
  3248 | D:3      | ololoev: тебя записывать?
  3248 | D:3      | xeno23: ну
  3248 | D:3      | xeno23: давай
  3248 | D:3      | xeno23: что там в рц прописать?
  3248 | D:3      | ololoev: # TEAMCAPTAIN ololoev
  3248 | D:3      | xeno23: ну ок
  3269 | D:3      | Noticed Crazy Yiuf
  3646 | D:4      | Found Iroetwih's Gadget Shop.
  3694 | D:5      | Entered Level 5 of the Dungeon
  3781 | D:5      | Reached XP level 7. HP: 40/61 MP: 9/9
  4006 | D:5      | Reached skill level 5 in Armour
  4011 | D:5      | Reached skill level 7 in Axes
  4295 | D:5      | Reached XP level 8. HP: 70/70 MP: 11/11
  4320 | D:5      | Found a staircase to the Ecumenical Temple.
  4819 | D:3      | Reached skill level 8 in Axes
  4916 | D:3      | Killed Crazy Yiuf
  4982 | D:4      | Killed ololoev's ghost
  4982 | D:4      | Reached skill level 5 in Invocations
  5041 | D:4      | Reached skill level 9 in Axes
  5134 | D:6      | Reached ** piety under Okawaru
  5617 | D:6      | Found a sparkling altar of Nemelex Xobeh.
  5654 | D:6      | Found a shadowy altar of Dithmenos.
  5709 | D:6      | Reached XP level 9. HP: 78/78 MP: 13/13
  5826 | D:6      | Found a glowing golden altar of the Shining One.
  5835 | D:6      | Found a basalt altar of Yredelemnul.
  5980 | D:6      | Reached skill level 10 in Axes
  6162 | D:6      | Noticed an angel
  6241 | D:7      | Found a blossoming altar of Fedhas.
  6912 | D:8      | Noticed a manticore
  6924 | D:8      | Killed a manticore
  6924 | D:8      | Reached *** piety under Okawaru
  6927 | D:8      | Noticed a griffon
  6934 | D:8      | Noticed a two-headed ogre
  6934 | D:8      | Killed a griffon
  6934 | D:8      | Reached skill level 11 in Axes
  6935 | D:8      | Noticed a gargoyle
  6942 | D:8      | Killed a two-headed ogre
  6942 | D:8      | Reached **** piety under Okawaru
  6942 | D:8      | Reached XP level 10. HP: 59/88 MP: 13/15
  6943 | D:8      | Killed a gargoyle
  7028 | D:8      | Reached skill level 12 in Axes
  7927 | D:9      | Killed an unseen horror
  7927 | D:9      | Reached ***** piety under Okawaru
  8037 | D:9      | Reached skill level 13 in Axes
  8198 | D:9      | Reached XP level 11. HP: 96/97 MP: 18/18
  8239 | D:9      | Found a bloodstained altar of Trog.
  8569 | D:10     | Entered Level 10 of the Dungeon
  8727 | D:10     | Found a staircase to the Lair.
  8785 | D:10     | Noticed a manticore
  8800 | D:10     | Killed a manticore
  9556 | D:11     | Reached skill level 14 in Axes
  9556 | D:11     | Reached skill level 10 in Invocations
  9598 | D:11     | Noticed Maurice
  9651 | D:11     | Killed Maurice
  9651 | D:11     | Reached skill level 10 in Fighting
  9661 | D:11     | Found a frozen archway.
  9861 | IceCv    | Entered an ice cave
  9888 | IceCv    | Reached skill level 1 in Dodging
 10746 | IceCv    | Reached ****** piety under Okawaru
 10854 | IceCv    | HP: 4/101 [polar bear (8)]
 10856 | IceCv    | Demolished by a polar bear

Dungeon Overview and Level Annotations

Branches:
Dungeon (11/15)            Temple (0/1) D:5            Lair (0/8) D:10
    Orc (0/2) D:11

Altars:
Cheibriados
Dithmenos
Fedhas
Kikubaaqudgha
Nemelex Xobeh
Okawaru
Qazlal
Trog
Yredelemnul
The Shining One

Shops:
D:4 }


Message History

You slash the polar bear!
You feel better.
The polar bear is moderately wounded.
The polar bear completely misses you.
The polar bear claws you but does no damage. x2
You slash the polar bear!
The polar bear is heavily wounded.
The polar bear bites you. You block the polar bear's attack.
The polar bear claws you but does no damage.
You hit the polar bear.
The polar bear is heavily wounded.
The polar bear barely misses you.
The polar bear claws you but does no damage.
The polar bear claws you.
You slash the polar bear!
The polar bear is severely wounded.
The polar bear goes berserk!
You closely miss the polar bear.
The polar bear is severely wounded.
The polar bear barely misses you. x2
The polar bear claws you but does no damage.
You slash the polar bear!
You feel better.
The polar bear is almost dead.
You block the polar bear's attack.
The polar bear claws you but does no damage.
The polar bear barely misses you. The polar bear bites you!
The polar bear claws you but does no damage. x2
You closely miss the polar bear.
The polar bear is almost dead.
The polar bear bites you! The polar bear barely misses you.
The polar bear claws you but does no damage.
You are too injured to fight recklessly!
You are too injured to fight recklessly!
You are too injured to fight recklessly!
You are too injured to fight recklessly!
You are too injured to fight recklessly!
You are too injured to fight recklessly!
You are too injured to fight recklessly!
You are too injured to fight recklessly!
You are too injured to fight recklessly!
You are too injured to fight recklessly!
You are too injured to fight recklessly!
You are too injured to fight recklessly!
You are too injured to fight recklessly!
You are too injured to fight recklessly!
You are too injured to fight recklessly!
You are too injured to fight recklessly!
You are too injured to fight recklessly!
You are too injured to fight recklessly!
You are too injured to fight recklessly!
You are too injured to fight recklessly!
You are too injured to fight recklessly!
You hit the polar bear but do no damage.
The polar bear is almost dead.
The polar bear bites you but does no damage.
The polar bear barely misses you. x2
You hit the polar bear but do no damage.
The polar bear is almost dead.
The polar bear bites you!!
The polar bear claws you but does no damage.
The polar bear completely misses you.
You hit the polar bear.
The polar bear is almost dead.
The polar bear bites you!!
The polar bear claws you but does no damage. x2
The polar bear bites you but does no damage.
You block the polar bear's attack. The polar bear closely misses you.
Use which ability? (? or * to list)
You gain the combat prowess of a mighty hero.
You feel slightly more hungry. The polar bear bites you!
The polar bear claws you but does no damage.
The polar bear barely misses you.
You barely miss the polar bear.
The polar bear is almost dead.
The polar bear closely misses you.
The polar bear claws you but does no damage.
You block the polar bear's attack.
Your plate armour prevents you from hitting the polar bear.
The polar bear is almost dead.
The polar bear bites you!!
You die...

You could see a polar bear (berserk).

Vanquished Creatures
  An unseen horror (D:9)
  A griffon (D:8)
  2 manticores
  An ice statue (IceCv)
  Maurice (D:11)
  The ghost of ololoev the Chopper, a novice HOFi of Elyvilon (D:4)
  A gargoyle (D:8)
  A polar bear (IceCv)
  3 trolls
  A slime creature (D:8)
  A two-headed ogre (D:8)
  A vampire (D:11)
  11 yaks
  A hungry ghost (D:9)
  3 sky beasts
  3 ice beasts
  2 orc warriors
  A phantom (D:11)
  A centaur (D:6)
  2 ogres (D:9)
  A necrophage (D:8)
  8 wolves (IceCv)
  A crocodile (D:8)
  A big kobold (D:10)
  5 giant frogs
  6 scorpions
  4 wights (D:8)
  2 spriggan skeletons (D:9)
  5 howler monkeys
  2 centaur zombies
  3 crimson imps
  A giant frog zombie (D:6)
  3 jellies
  A wasp zombie (D:9)
  6 hounds
  6 orc priests
  8 orc wizards
  Crazy Yiuf (D:3)
  2 giant frog skeletons
  6 centaur skeletons
  3 iguanas
  Ijyb (D:2)
  12 worker ants
  A sheep (D:9)
  A hound skeleton (D:4)
  A howler monkey skeleton (D:9)
  A worker ant zombie (D:9)
  12 adders
  2 shadow imps
  12 white imps (D:11)
  2 oozes
  An adder skeleton (D:8)
  A worm (D:3)
  5 giant geckos
  42 orcs
  A ball python (D:5)
  13 bats
  6 giant cockroaches
  6 goblins
  5 hobgoblins
  12 jackals
  3 quokkas
  9 giant newts
  18 kobolds
  3 quokka skeletons
  7 rats
291 creatures vanquished.

Action                   |  1- 3 |  4- 6 |  7- 9 | 10-12 || total
-------------------------+-------+-------+-------+-------++-------
Melee: War axe           |   117 |   249 |   313 |   492 ||  1171
       Punch             |       |       |       |     1 ||     1
Invok: Heroism           |       |       |     7 |     8 ||    15
  Use: Scroll            |       |       |    10 |    10 ||    20
       Potion            |       |       |       |     1 ||     1
  Eat: Chunk             |       |     5 |    11 |    13 ||    29
       Bread ration      |       |     1 |     1 |       ||     2
       Royal jelly       |       |       |       |     2 ||     2
Armor: Scale mail        |    74 |   155 |    85 |       ||   314
       Plate armour      |       |       |    89 |   342 ||   431
Dodge: Dodged            |    88 |   128 |   118 |   156 ||   490
Block: Other             |       |    25 |    23 |    39 ||    87
       Reflection        |       |       |     3 |       ||     3

Vault maps used:
D:1:      dpeg_arrival_rhombus, minmay_statues_item
D:2:      lemuel_doored_altar, okawaru_ov_weapons_minmay, uniq_iyjb
D:3:      nicolae_overflow_crystal_walls, lemuel_round_altar,
          minmay_misc_feat_columns, bh_walls_and_bars, uniq_crazy_yiuf_cottage
D:4:      serial_shops, nicolae_shop_waterfront, first_bread
D:5:      minmay_temple_entry_nine_rooms, grunt_ministairs_14
D:6:      grunt_temple_overflow_holy_war, lemuel_coloured_pillars_altar,
          nicolae_dithmenos_through_a_glass_darkly
D:7:      fedhas_altar_3
D:8:      minmay_curly_fans
D:9:      hangedman_tell_no_tales, st_stairs_5, trog_butcher_becter
D:10:     lair_0_dummy
D:11:     orc_0_dummy, portal_ice_cave_entry_imps, minmay_misc_feat_cross,
          hive_lemuel, uniq_maurice, uniq_erica
IceCv:    ice_cave_caverns_03
